 Dungeon Crawl Stone Soup version 0.19.4-10-g532645f (webtiles) character file.

65 niceeeeeeeeeeee the Digger (level 3, 0/31 HPs)
             Began as a Deep Dwarf Wanderer on Feb 22, 2017.
             Shot with an arrow by a centaur (7 damage)
             ... on level 3 of the Dungeon.
             The game lasted 00:06:08 (1880 turns).

niceeeeeeeeeeee the Digger (Deep Dwarf Wanderer)    Turns: 1880, Time: 00:06:09

Health: 0/31       AC:  2    Str: 15    XL:     3   Next: 94%
Magic:  6/6        EV: 11    Int: 13    God:
Gold:   86         SH:  0    Dex: 12    Spells: 0 memorised, 7 levels left

rFire  . . .     SeeInvis .     (no weapon)
rCold  . . .     Gourm    .     e - +0 robe
rNeg   . . .     Faith    .     (no shield)
rPois  .         Spirit   .     (no helmet)
rElec  .         Reflect  .     (no cloak)
rCorr  .         Harm     .     (no gloves)
MR     +....                    (no boots)
Stlth  +.........               (no amulet)
                                (no ring)
                                h - ring of protection from magic

@: non-regenerating
A: damage resistance, recharge devices, sense surroundings 1, slow regeneration
3
a: Device Recharging


You were on level 3 of the Dungeon.
You were not hungry.

You visited 1 branch of the dungeon, and saw 3 of its levels.

You collected 86 gold pieces.

Inventory:

Hand Weapons
 b - a +2 blowgun
Missiles
 i - 36 stones (quivered)
Armour
 e - a +0 robe (worn)
Jewellery
 h - a ring of protection from magic (left hand)
Wands
 f - a wand of heal wounds (4/9)
Scrolls
 a - a scroll of identify {unknown}
 g - a scroll of remove curse {unknown}
 j - a scroll of amnesia {unknown}
 k - a scroll of enchant weapon {unknown}
Potions
 l - 2 potions of curing {unknown}
Books
 c - Okhloimn's Incunabulum of Moulding

   Spells                             Type                      Level
   a - Sticks to Snakes               Transmutation                2
   b - Passwall                       Transmutation/Earth          2
 d - the Catalogue of Clay

   Spells                             Type                      Level
   a - Sandblast                      Earth                        1
   b - Stone Arrow                    Conjuration/Earth            3
Comestibles
 m - 4 fruits


   Skills:
 + Level 1.4 Fighting
   Level 1.1 Axes
 + Level 2.0 Throwing
 + Level 1.5 Armour
 + Level 0.4 Dodging
 + Level 0.3 Stealth
 + Level 2.6 Spellcasting
   Level 4.0 Earth Magic
 + Level 1.3 Evocations


You had 7 spell levels left.
You didn't know any spells.

Dungeon Overview and Level Annotations

Branches:
Dungeon (3/15)

Altars:


Innate Abilities, Weirdness & Mutations

You are resistant to damage.
You can recharge devices by infusing magical energy.
You passively map a small area around you.
You do not regenerate.


Message History

The centaur is lightly wounded.
Throwing (i - inventory):
i - 39 stones (quivered)
Press: ? - help, Shift-Dir - straight line, f/p - centaur
Aim: a centaur, wielding a shortbow (lightly wounded)
You throw a stone. The stone closely misses the bat.
The stone barely misses the centaur.
The bat hits you.
Throwing (i - inventory):
i - 38 stones (quivered)
Press: ? - help, Shift-Dir - straight line, f/p - centaur
Aim: a centaur, wielding a shortbow (lightly wounded)
You throw a stone.
The stone hits the bat but does no damage.
The bat closely misses you.
The centaur shoots an arrow.
The arrow hits you!
* * * LOW HITPOINT WARNING * * *
The bat barely misses you.
Throwing (i - inventory):
i - 37 stones (quivered)
Press: ? - help, Shift-Dir - straight line, f/p - centaur
Aim: a centaur, wielding a shortbow (lightly wounded)
You throw a stone. The stone barely misses the centaur.
The centaur shoots an arrow.
The arrow hits you!
You die...

.# , ..* ,, #..(. * * .##
.... * ..# * ,##... , #.#
.##..c ### * ** #.#
..##...*.. , ,
####.###...##...#!######
...............b><...... ,
#####.########.#@#########
#####..## #.............#
........# #......######.#
........# #......#
........####......# *
............####'##
...)).......# #.# , **
............# #.# ,
............# #.#


You could see a centaur and a bat.

Vanquished Creatures
  2 gnolls (D:1)
  An adder (D:3)
  A dart slug (D:3)
  2 leopard geckos (D:1)
  An orc (D:3)
  6 bats
  4 goblins
  3 hobgoblins (D:1)
  A frilled lizard (D:3)
  8 kobolds
  2 rats (D:1)
31 creatures vanquished.

Notes
Turn   | Place    | Note
-------+----------+-------------------------------------------
     0 | D:1      | niceeeeeeeeeeee the Deep Dwarf Wanderer began the quest for the Orb.
     0 | D:1      | niceeeeeeeeeeee set off with: 4 curare-tipped needles, a +2 blowgun, Okhloimn's Incunabulum of Moulding, the Catalogue of Clay, a +0 robe, a wand of heal wounds (5/9), a bread ration
     0 | D:1      | Reached XP level 1. HP: 18/18 MP: 3/3
    66 | D:1      | Reached XP level 2. HP: 25/25 MP: 5/5
   301 | D:1      | Reached XP level 3. HP: 31/31 MP: 6/6
  1876 | D:3      | Noticed a centaur
  1880 | D:3      | Shot with an arrow by a centaur

Skill      XL: |  1  2  3 |
---------------+----------+-----
Spellcasting   | 2 |  2.6
Throwing       | 2 |  2.0
Fighting       | |  1.4
Axes           | |  1.1
Armour         | |  1.5
Dodging        | |  0.4
Stealth        | |  0.3
Earth Magic    | |  4.0
Evocations     | |  1.3

Action                   || total
-------------------------++-------
Melee: Unarmed           ||    12
 Fire: Blowgun           ||    19
Throw: Stone             ||   209
Evoke: Wand              ||     1
  Eat: Bread ration      ||     1
Armor: Robe              ||    32
Dodge: Dodged            ||   125
